 Dungeon Crawl Stone Soup version 0.30-a0-1114-gd936c97349 (webtiles) character file.

Game seed: 13831322414977161639

38996 sampeng1 the Severer (level 13, -2/125 HPs)
             Began as a Minotaur Berserker on Apr 20, 2023.
             Was a High Priest of Trog.
             Slain by a deep troll (12 damage)
             ... led by an ironbound preserver
             ... on level 1 of the Vaults.
             The game lasted 01:08:35 (12287 turns).

sampeng1 the Severer (Minotaur Berserker)          Turns: 12287, Time: 01:08:36

Health: -2/125     AC: 25    Str: 35      XL:     13   Next: 66%
Magic:  0/10       EV: 14    Int:  3      God:    Trog [*****.]
Gold:   874        SH:  0    Dex: 13 (14) Spells: 12/12 levels left

rFire   . . .      SeeInvis .    t - +3 war axe (protect)
rCold   . . .      Faith    .    r - orb {light}
rNeg    . . .      Spirit   +    G - +6 scale mail of the Tick {Str+3}
rPois   .          Reflect  .    (helmet restricted)
rElec   .          Rampage  .    y - +0 cloak
rCorr   .                        (no gloves)
Will    +++..                    p - +2 pair of boots {Stlth+}
Stlth   +                        K - amulet of guardian spirit
HPRegen 1.40/turn                n - ring of willpower
MPRegen 0.12/turn                F - +6 ring of dexterity

@: strong-willed, under a protective aura, regenerating, glowing
A: horns 2, retaliatory headbutt, talons 1, deformed body, deterioration 1, low
MP 1, strong 1
a: Renounce Religion, Berserk, Trog's Hand, Brothers in Arms


You were on level 1 of the Vaults.
You worshipped Trog.
Trog was extremely pleased with you.
You visited 2 branches of the dungeon, and saw 13 of its levels.

You collected 874 gold pieces.

Inventory:

Hand Weapons
 t - a +3 war axe of protection (weapon)
 L - the +5 glaive of Brutal Revenge {holy, rN+}
   (You found it on level 12 of the Dungeon)

   rN:        It protects you from negative energy.
Missiles
 j - 13 boomerangs
 l - 23 poisoned darts
Armour
 f - a +0 troll leather armour
 m - a +0 helmet
 p - a +2 pair of boots of stealth (worn)
 q - a +3 plate armour
 r - an orb of light (worn)
 x - a scarf of shadows
 y - a +0 cloak (worn)
 G - the +6 scale mail of the Tick (worn) {Str+3}
   (You found it on level 11 of the Dungeon)

   Str:       It affects your strength (+3).
 J - a +0 kite shield
Jewellery
 c - a ring of magical power
 h - a ring of wizardry
 n - a ring of willpower (left hand)
 F - a +6 ring of dexterity (right hand)
 I - a ring of flight
 K - an amulet of guardian spirit (around neck)
 N - the amulet "Okamoa Teak" {Acrobat Int+3}
   (You found it on level 13 of the Dungeon)

   [amulet of the acrobat]

   It increases your evasion while moving and waiting.
   Int:       It affects your intelligence (+3).
Wands
 o - a wand of mindburst (8)
Scrolls
 b - a scroll of butterflies
 d - 2 scrolls of magic mapping
 i - a scroll of enchant weapon
 k - a scroll of vulnerability
 s - 2 scrolls of identify
 w - 3 scrolls of fog
 z - 3 scrolls of teleportation {unknown}
 A - a scroll of immolation {unknown}
 C - 2 scrolls of blinking
 D - a scroll of enchant armour
 E - a scroll of silence {unknown}
 H - a scroll of noise {unknown}
Potions
 a - 6 potions of curing
 e - 2 potions of berserk rage
 g - a potion of flight
 u - a potion of mutation
 v - 2 potions of might
 B - 3 potions of haste
 M - a potion of heal wounds


   Skills:
 + Level 14.7 Fighting
 + Level 18.5(18.6) Axes
 + Level 2.6(12.4) Polearms
 + Level 0.2 Throwing
 + Level 13.8 Armour
 + Level 7.3 Dodging
 + Level 2.2 Stealth


You had 12 spell levels left.
You didn't know any spells.
Your spell library was empty.

Dungeon Overview and Level Annotations

Branches:
Dungeon (13/15)            Temple (0/1) D:5            Lair (0/5) D:10
    Orc (0/2) D:9          Vaults (1/5) D:13

Altars:
Ashenzari
Dithmenos
Fedhas
Uskayaw
Wu Jian

Shops:
D:1 (


Innate Abilities, Weirdness & Mutations

You have a pair of horns on your head.
You reflexively headbutt those who attack you in melee.
You have sharp toenails.
Armour fits poorly on your strangely shaped body.
Your body sometimes deteriorates upon taking damage.
Your magical capacity is low. (-10% MP)
Your muscles are strong. (Str +4, Int/Dex -1)


Message History

The deep troll bites you!
The deep troll claws you but does no damage.
The deep troll barely misses you. The deep troll barely misses you.
The deep troll claws you but does no damage.
The deep troll misses you.
The deep troll bites you but does no damage.
The deep troll claws you!
The deep troll claws you but does no damage.
The ironbound preserver barely misses you.
Things that are here:
a +0 troll leather armour; a deep troll corpse You slice the deep troll!!
You headbutt the deep troll, but do no damage.
The deep troll is severely wounded.
You hit the deep troll but do no damage.
You hit the ironbound preserver.
You hit the deep troll but do no damage.
The deep troll is severely wounded.
You hit the ironbound preserver. You hit the deep troll.
The deep troll bites you but does no damage.
The deep troll claws you but does no damage.
The deep troll claws you. The deep troll closely misses you.
You furiously retaliate!
You headbutt the deep troll, but do no damage.
The deep troll claws you.
* * * LOW HITPOINT WARNING * * *
The deep troll misses you.
The ironbound preserver hits you with a +0 dire flail!
* * * LOW HITPOINT WARNING * * *
Your skin crawls.
You feel strong-willed. The deep troll bites you!
* * * LOW HITPOINT WARNING * * *
The deep troll claws you but does no damage.
The deep troll completely misses you.
The ironbound preserver casts a spell.
The ironbound preserver is healed somewhat.
The deep troll bites you!
You die...

##.....#
##.....########.........
.....###......#.........
.......#......#.........
.....###......#.........
.......'......#.........
.....###......#.........
.......#......#.........
###########'###p@T......
.. .............T......
.. ....................
.. ....................
.. ....................
## ####################


You could see an ironbound preserver and 2 deep trolls.

Vanquished Creatures
  A vault warden (Vaults:1)
  2 ironbound preservers
  An ironbound thunderhulk (Vaults:1)
  3 vault guards (Vaults:1)
  Erica (D:8)
  2 centaur warriors
  4 two-headed ogres
  3 boulder beetles
  A fire crab (shapeshifter) (D:11)
  The ghost of mandoloar the Sneak, a novice OpTm (D:7)
  7 deep trolls (Vaults:1)
  Pikel (D:5)
  3 manticores
  5 cyclopes
  An ugly thing (D:11)
  Joseph (D:7)
  2 gargoyles
  An efreet (D:13)
  3 kobold demonologists
  A rime drake (shapeshifter) (D:13)
  2 unseen horrors
  3 meliai (D:13)
  6 trolls
  Grinder (D:5)
  2 hornets
  12 slime creatures
  3 shadows
  20 yaks
  A centaur simulacrum (D:11)
  A wyvern (D:9)
  2 wraiths
  A basilisk (D:13)
  A steam dragon (D:8)
  A basilisk (shapeshifter) (D:11)
  10 vampire mosquitoes
  Menkaure (D:5)
  An acid dragon (D:9)
  3 water moccasins
  Duvessa (D:7)
  A swamp drake (shapeshifter) (D:11)
  2 sky beasts (D:6)
  11 orc warriors
  4 ogres
  A black bear (D:5)
  22 centaurs
  3 lemures (D:5)
  5 bullfrogs
  A gnoll sergeant (D:12)
  4 scorpions
  3 wights (D:10)
  Dowan (D:7)
  6 howler monkeys
  3 lava snakes (D:11)
  A jelly (D:5)
  2 gnoll boudas
  9 orc priests
  6 hounds
  3 sleepcaps
  An iguana (D:6)
  13 orc wizards
  Robin (D:4)
  17 gnolls
  6 adders
  2 shadow imps
  A white imp (D:6)
  2 ufetubi
  A worm (D:5)
  3 dart slugs
  50 orcs
  2 ball pythons
  2 bats (D:1)
  5 endoplasms
  2 giant cockroaches
  13 goblins
  8 hobgoblins
  6 jackals
  2 quokkas
  4 frilled lizards
  7 kobolds
  A rat (D:1)
353 creatures vanquished.

Notes
Turn   | Place    | Note
-------+----------+-------------------------------------------
     0 | D:1      | sampeng1 the Minotaur Berserker began the quest for the
                  | Orb.
     0 | D:1      | Reached XP level 1. HP: 19/19 MP: 0/0
    17 | D:1      | Found a faded altar of an unknown god.
    17 | D:1      | Noticed a floating eye
    23 | D:1      | Noticed an eye of devastation
    23 | D:1      | Noticed an eye of devastation
    23 | D:1      | Noticed a floating eye
   172 | D:1      | Reached skill level 4 in Axes
   172 | D:1      | Reached XP level 2. HP: 27/27 MP: 1/1
   416 | D:1      | Found Hoethuc's Weapon Emporium.
   763 | D:2      | Reached XP level 3. HP: 33/33 MP: 2/2
  1108 | D:2      | Reached ** piety under Trog
  1277 | D:2      | You fall into a shaft and drop 2 floors!
  1436 | D:4      | Reached XP level 4. HP: 41/41 MP: 3/3
  1477 | D:4      | Gained mutation: You have hidden genetic defects. [potion
                  | of mutation]
  1477 | D:4      | Gained mutation: Your muscles are strong. (Str +4, Int/Dex
                  | -1) [potion of mutation]
  1477 | D:4      | Gained mutation: Your body sometimes deteriorates upon
                  | taking damage. [potion of mutation]
  1477 | D:4      | Gained mutation: You have sharp toenails. [potion of
                  | mutation]
  1504 | D:4      | Reached skill level 5 in Axes
  1505 | D:4      | Reached XP level 5. HP: 46/47 MP: 4/4
  1514 | D:4      | Gained mutation: Armour fits poorly on your strangely
                  | shaped body. [hidden defects]
  1685 | D:4      | Noticed Robin
  1690 | D:4      | Killed Robin
  1694 | D:4      | Gained mutation: Your magical capacity is low. (-10% MP)
                  | [hidden defects]
  1694 | D:4      | Lost mutation: You have hidden genetic defects. [hidden
                  | defects expressed]
  1750 | D:4      | Found a hide-covered altar of Uskayaw.
  1752 | D:4      | Found a broken altar of Ashenzari.
  1754 | D:4      | Found an ornate altar of the Wu Jian Council.
  1787 | D:4      | Noticed an ogre
  1794 | D:4      | Killed an ogre
  1795 | D:4      | Reached skill level 5 in Fighting
  1795 | D:4      | Reached skill level 1 in Stealth
  1795 | D:4      | Reached XP level 6. HP: 48/56 MP: 4/4
  2203 | D:5      | Entered Level 5 of the Dungeon
  2212 | D:5      | Reached skill level 6 in Axes
  2365 | D:5      | Noticed Grinder
  2375 | D:5      | Killed Grinder
  2376 | D:5      | Reached skill level 7 in Axes
  2376 | D:5      | Reached XP level 7. HP: 61/61 MP: 5/5
  2428 | D:5      | Found a staircase to the Ecumenical Temple.
  2499 | D:5      | Reached *** piety under Trog
  2587 | D:5      | Noticed Pikel
  2601 | D:5      | Killed Pikel
  2602 | D:5      | Reached skill level 9 in Axes
  2602 | D:5      | Reached skill level 5 in Armour
  2602 | D:5      | Reached XP level 8. HP: 63/70 MP: 6/6
  2949 | D:5      | Noticed Menkaure
  2959 | D:5      | Killed Menkaure
  3216 | D:5      | Reached skill level 10 in Axes
  3499 | D:5      | Reached XP level 9. HP: 61/75 MP: 7/7
  3986 | D:6      | Reached skill level 11 in Axes
  4242 | D:6      | Found a shadowy altar of Dithmenos.
  4769 | D:7      | Paralysed by a hornet for 2 turns
  4797 | D:7      | Reached skill level 12 in Axes
  4837 | D:7      | Noticed Duvessa
  4841 | D:7      | Noticed Dowan
  4845 | D:7      | Killed Duvessa
  4848 | D:7      | Killed Dowan
  4939 | D:7      | Reached **** piety under Trog
  5036 | D:7      | Found a runed translucent gate.
  5036 | D:7      | Noticed mandoloar's ghost (novice OpTm)
  5037 | D:7      | Found a runed translucent gate.
  5038 | D:7      | Found a runed translucent gate.
  5053 | D:7      | Killed mandoloar's ghost
  5054 | D:7      | Reached XP level 10. HP: 88/88 MP: 8/8
  5060 | D:7      | Reached skill level 5 in Dodging
  5303 | D:7      | Noticed Joseph
  5317 | D:7      | Reached skill level 13 in Axes
  5317 | D:7      | Killed Joseph
  5968 | D:8      | Identified the +2 battleaxe of Premature Burial {pain,
                  | Drain rElec rC+ Dex+4}
  6031 | D:8      | Noticed Erica
  6040 | D:8      | Killed Erica
  6041 | D:8      | Reached skill level 10 in Armour
  6111 | D:8      | Found a blossoming altar of Fedhas.
  6172 | D:8      | Noticed a two-headed ogre
  6176 | D:8      | Killed a two-headed ogre
  6177 | D:8      | Reached skill level 14 in Axes
  6659 | D:9      | Reached XP level 11. HP: 90/97 MP: 8/8
  6736 | D:9      | HP: 4/97 [poisoned by an orc wizard]
  7133 | D:9      | Found a staircase to the Orcish Mines.
  7774 | D:10     | Entered Level 10 of the Dungeon
  7778 | D:10     | Reached skill level 1 in Polearms
  8042 | D:10     | Noticed a centaur warrior
  8048 | D:10     | Killed a centaur warrior
  8049 | D:10     | Reached skill level 10 in Fighting
  8241 | D:10     | Noticed a boulder beetle
  8253 | D:10     | Killed a boulder beetle
  8413 | D:10     | Reached skill level 15 in Axes
  8656 | D:10     | Found a staircase to the Lair.
  9191 | D:11     | Noticed a brown ugly thing
  9200 | D:11     | Killed a brown ugly thing
  9215 | D:11     | Noticed a fire crab
  9216 | D:11     | Identified the +6 scale mail of the Tick {Str+3}
  9221 | D:11     | Killed a fire crab
  9222 | D:11     | Reached skill level 16 in Axes
  9222 | D:11     | Reached XP level 12. HP: 62/110 MP: 9/9
  9227 | D:11     | Identified the +1 scale mail of Libbant {Str+5 Int-4}
 10435 | D:12     | Noticed a two-headed ogre
 10448 | D:12     | Killed a two-headed ogre
 10449 | D:12     | Reached ***** piety under Trog
 10454 | D:12     | Reached skill level 17 in Axes
 10557 | D:12     | Noticed a two-headed ogre
 10563 | D:12     | Killed a two-headed ogre
 11039 | D:12     | Noticed a two-headed ogre
 11045 | D:12     | Killed a two-headed ogre
 11123 | D:12     | Identified the +5 glaive of Brutal Revenge {holy, rN+}
 11258 | D:13     | Reached XP level 13. HP: 71/122 MP: 4/10
 11523 | D:13     | Found a gate to the Vaults.
 11523 | D:13     | Noticed an ironbound preserver
 11538 | D:13     | Killed an ironbound preserver
 11603 | D:13     | Reached skill level 18 in Axes
 11630 | D:13     | Identified the amulet "Okamoa Teak" {Acrobat Int+3}
 11886 | Vaults:1 | Entered Level 1 of the Vaults
 11886 | Vaults:1 | Noticed a vault warden
 11886 | Vaults:1 | Noticed an ironbound thunderhulk
 11892 | Vaults:1 | Killed an ironbound thunderhulk
 11909 | Vaults:1 | Killed a vault warden
 12058 | Vaults:1 | Noticed an ironbound preserver
 12069 | Vaults:1 | Killed an ironbound preserver
 12273 | Vaults:1 | Noticed an ironbound preserver
 12287 | Vaults:1 | Slain by a deep troll

Illustrated notes

Levels and vault maps discovered:
D:1:      saegor_arrival_simple_b, layout_basic,
          hellmonk_ecumenical_altar_watching_god, serial_shops, shop,
          hangedman_decor_peaks_small, chequers_serial_rivers_room_a,
          kennysheep_minor_cross, minmay_tiny_reverse_x
D:2:      layout_basic
D:4:      layout_basic, grunt_temple_overflow_open, uniq_robin
D:5:      minmay_chambers_of_threes, layout_basic, minmay_temple_entry_wispy,
          uniq_pikel, uniq_menkaure, uniq_grinder
D:6:      layout_cave_pools, mainiacjoe_overflow_brackets
D:7:      layout_rooms, biasface_ghost_orc_armoury, uniq_duvessa, uniq_joseph
D:8:      layout_loops_cross, general_overflow_altar, uniq_erica
D:9:      layout_loops_corners, orc_0_dummy, kennysheep_generic_room_8
D:10:     minmay_wavy_crystal, layout_basic
D:11:     minmay_the_grid_triangle_9x9_rhombus_thin
          [minmay_the_grid_triangle_9x9_sparse_checkered,
          minmay_the_grid_triangle_9x9_prize_schism,
          minmay_the_grid_triangle_9x9_semitri,
          minmay_the_grid_triangle_9x9_swiss_cheese], layout_long_grid,
          gauntlet_entry_generic, kennysheep_boxes
D:12:     layout_gridville, drop_trap, due_unseen_surprise
D:13:     layout_gridville, skrybe_vaults_entry_preservation
Vaults:1: hellmonk_ghost_happy_afterlife, st_hourglassy, vaults_room_large_hall,
          nicolae_vaults_arrows, grunt_vaults_swirl,
          nicolae_vaults_ninety_degrees, layout_vaults_chaotic_city

Skill      XL: |  1  2  3  4  5  6  7  8  9 10 11 12 13 |
---------------+----------------------------------------+-----
Axes           | 4 5 7 9 10 12 14 16 17 18 | 18.5
Fighting       | 4 5 6 8 9 11 13 14 | 14.7
Armour         | 3 4 5 7 9 10 12 13 | 13.8
Dodging        | 3 4 5 6 7 |  7.3
Stealth        | 1 2 |  2.2
Polearms       | 2 |  2.6
Throwing       | |  0.2

Action                     |  1- 3 |  4- 6 |  7- 9 | 10-12 | 13-15 || total
---------------------------+-------+-------+-------+-------+-------++-------
  Melee: Hand axe          |    66 |     3 |       |       |       ||    69
         Headbutt          |     7 |     4 |    29 |   113 |    35 ||   188
         War axe           |       |    45 |   191 |   384 |    93 ||   713
         Kick              |       |    12 |    38 |     5 |       ||    55
         Punch             |       |       |     2 |     1 |       ||     3
         Battleaxe         |       |       |       |     8 |       ||     8
         Glaive            |       |       |       |     8 |       ||     8
  Throw: Boomerang         |     1 |     1 |       |       |       ||     2
 Invoke: Berserk           |     1 |     2 |     6 |    10 |     3 ||    22
         Trog's Hand       |       |       |     2 |     3 |     1 ||     6
    Use: Scroll            |       |     7 |     1 |     9 |       ||    17
         Potion            |       |     1 |    12 |     2 |       ||    15
 Armour: Animal skin       |     9 |       |       |       |       ||     9
         Ring mail         |     6 |     1 |       |       |       ||     7
         Scale mail        |       |    18 |    33 |    84 |    62 ||   197
         Chain mail        |       |       |    63 |       |       ||    63
         Plate armour      |       |       |       |   146 |       ||   146
  Dodge: Dodged            |    45 |    22 |   115 |   184 |    57 ||   423

Table legend: (Time is in decaauts)
 A = Elapsed time spent in this place.
 B = Non-inter-level travel time spent in this place.
 C = Inter-level travel time spent in this place.
 D = Time resting spent in this place.
 E = Time spent auto-exploring this place.
 F = Levels seen in this place.
 G = Mean time per level.
                   A        B        C        D        E       F      G
               +--------+--------+--------+--------+--------+-----+--------+
         Total |  12336 |  12223 |    113 |     28 |   8509 |  13 |  948.9 |
       Dungeon |  11937 |  11824 |    113 |     28 |   8217 |  12 |  994.8 |
        Vaults |    399 |    399 |      0 |      0 |    292 |   1 |  399.0 |
               +--------+--------+--------+--------+--------+-----+--------+

Top non-repeatable levels by time:
     D:5: 1783 daAuts
    D:11: 1331 daAuts
    D:10: 1299 daAuts
     D:9: 1239 daAuts
     D:4: 950 daAuts
     D:7: 916 daAuts
     D:8: 854 daAuts
     D:6: 830 daAuts
     D:1: 759 daAuts
    D:13: 730 daAuts
    D:12: 721 daAuts
     D:2: 522 daAuts
Vaults:1: 399 daAuts
